 Dungeon Crawl Stone Soup version 0.24-a0-513-g284f782df5 (webtiles) character file.

Game seed: 14639222722535021567

642 mopl the Stinger (level 7, -4/46 HPs)
             Began as a Vampire Venom Mage on July 20, 2019.
             Slain by a water moccasin (5 damage)
             ... on level 4 of the Dungeon.
             The game lasted 00:10:15 (2545 turns).

mopl the Stinger (Vampire Venom Mage)               Turns: 2545, Time: 00:10:16

Health: -4/46      AC:  7    Str:  7    XL:     7   Next: 26%
Magic:  12/14      EV: 12    Int: 20    God:
Gold:   185        SH:  0    Dex: 14    Spells: 5/15 levels left

rFire    . . .     SeeInvis +   m - +0 halberd
rCold    . . .     Gourm    .   (shield currently unavailable)
rNeg     . . .     Faith    .   x - +0 robe {MR+}
rPois    +         Spirit   .   (no helmet)
rElec    .         Reflect  .   (no cloak)
rCorr    .         Harm     .   p - +1 pair of gloves
MR       +....                  i - +2 pair of boots
Stlth    ++........             (no amulet)
HPRegen  0.35/turn              c - ring of poison resistance
MPRegen  0.14/turn              u - ring of flight

@: lethally poisoned (-4 -> -6), regenerating quickly
A: no food, fangs 3, see invisible, unbreathing
a: Exsanguinate, Evoke Flight


You were on level 4 of the Dungeon.
You were alive.

You visited 1 branch of the dungeon, and saw 4 of its levels.

You collected 185 gold pieces.

Inventory:

Hand Weapons
 m - a +0 halberd (weapon)
Armour
 i - a +2 pair of boots (worn)
 l - a +0 buckler
 p - a +1 pair of gloves (worn)
 x - a +0 robe of magic resistance (worn)
Jewellery
 c - a ring of poison resistance (left hand)
 u - a ring of flight (right hand)
Scrolls
 b - 2 scrolls of immolation {unknown}
 e - a scroll of fear {unknown}
 g - 2 scrolls of teleportation {unknown}
 h - a scroll of amnesia {unknown}
 o - a scroll of identify {unknown}
 q - a scroll of fog {unknown}
 s - a scroll of blinking {unknown}
 v - a scroll of enchant weapon {unknown}
 w - a scroll of remove curse {unknown}
Potions
 d - a potion of magic {unknown}
 j - 2 potions of brilliance {unknown}
 k - a potion of flight {unknown}
 n - 3 potions of lignification {unknown}
 r - 2 potions of haste
 t - a potion of ambrosia {unknown}


   Skills:
 - Level 2.1 Dodging
 - Level 3.0 Stealth
 + Level 4.9 Spellcasting
 - Level 2.0 Conjurations
 - Level 2.0 Air Magic
 + Level 5.3 Poison Magic


You had 5 spell levels left.
You knew the following spells:

 Your Spells              Type           Power        Failure   Level  Hunger
a - Sting                 Conj/Pois      ###.         2%          1    N/A
b - Poisonous Vapours     Pois/Air       ###...       4%          2    N/A
c - Mephitic Cloud        Conj/Pois/Air  ###.....     10%         3    N/A
o - Olgreb's Toxic Radia  Pois           ####....     13%         4    N/A

Your spell library contained the following spells:

 Spells                   Type           Power        Failure   Level  Hunger
 Confusing Touch          Hex            #.....       12%         1    N/A
 Confuse                  Hex            #.......     34%         3    N/A
 Gell's Gravitas          Tloc           #.........   34%         3    N/A
 Venom Bolt               Conj/Pois      ###.......   58%         5    N/A
 Petrify                  Tmut/Erth      #.......     75%         4    N/A
 Metabolic Englaciation   Hex/Ice        #.........   97%         5    N/A
 Yara's Violent Unravell  Hex/Tmut       #.........   97%         5    N/A

Dungeon Overview and Level Annotations

Branches:
Dungeon (4/15)
 Temple: D:4-7

Altars:
Okawaru
Vehumet
Zin


Innate Abilities, Weirdness & Mutations

You do not eat.
Your natural rate of healing is unusually fast.
You have razor-sharp teeth.
You have supernaturally acute eyesight. (SInv)
You can survive without breathing.


Message History

The water moccasin bites you.
You are poisoned.
The water moccasin poisons you! The water moccasin bites you!
You closely miss the water moccasin.
The water moccasin is heavily wounded.
You feel sick. The water moccasin closely misses you.
The water moccasin bites you.
* * * LOW HITPOINT WARNING * * *
You hit the water moccasin.
The water moccasin is severely wounded.
You feel sick. The water moccasin bites you!
* * * LOW HITPOINT WARNING * * *
The water moccasin bites you.
* * * LOW HITPOINT WARNING * * *
You miss the water moccasin.
The water moccasin is severely wounded.
* * * LOW HITPOINT WARNING * * *
You feel sick. The water moccasin barely misses you.
The water moccasin bites you.
You die...

###################
#.................#
#.######...######.#
#.S@.....#).....#
#.###....#.#######
..(.......>........
#.##!##.....#.....##...
# #.#................
#.#....###.<......##
#..................#
##########.#.......#
..##.#.......#


You could see a water moccasin.

Vanquished Creatures
  Sigmund (D:3)
  Eustachio (D:4)
  An orc warrior (D:3)
  Blork the orc (D:4)
  Jessica (D:2)
  2 adders (D:2)
  5 gnolls
  An ooze (D:1)
  An adder skeleton (D:3)
  A worm (D:2)
  A dart slug (D:3)
  A leopard gecko (D:3)
  13 orcs (D:3)
  9 bats
  8 giant cockroaches
  3 goblins
  5 hobgoblins
  7 kobolds
  A ball python (D:3)
  A ball python skeleton (D:4)
  7 frilled lizards
  11 rats
82 creatures vanquished.

Notes
Turn   | Place    | Note
-------+----------+-------------------------------------------
     0 | D:1      | mopl the Vampire Venom Mage began the quest for the Orb.
     0 | D:1      | Reached XP level 1. HP: 13/13 MP: 3/3
   203 | D:1      | Reached skill level 1 in Conjurations
   203 | D:1      | Reached XP level 2. HP: 15/15 MP: 0/5
   267 | D:1      | Reached skill level 3 in Poison Magic
   311 | D:1      | Learned a level 2 spell: Poisonous Vapours
   570 | D:1      | Reached XP level 3. HP: 21/21 MP: 3/6
  1001 | D:2      | Reached skill level 1 in Air Magic
  1061 | D:2      | Noticed Jessica
  1138 | D:2      | Reached XP level 4. HP: 27/27 MP: 5/8
  1140 | D:2      | Killed Jessica
  1398 | D:2      | Found a radiant altar of Vehumet.
  1399 | D:2      | Found an iron altar of Okawaru.
  1472 | D:2      | Reached skill level 3 in Spellcasting
  1535 | D:2      | Learned a level 3 spell: Mephitic Cloud
  1718 | D:2      | Reached XP level 5. HP: 28/28 MP: 2/9
  1724 | D:2      | Learned a level 4 spell: Olgreb's Toxic Radiance
  1912 | D:3      | Noticed an orc warrior
  1912 | D:3      | Noticed Sigmund
  2019 | D:3      | Reached skill level 2 in Conjurations
  2086 | D:3      | Found a glowing silver altar of Zin.
  2158 | D:3      | Reached skill level 2 in Air Magic
  2225 | D:3      | Killed an orc warrior
  2225 | D:3      | Reached skill level 4 in Poison Magic
  2225 | D:3      | Reached XP level 6. HP: 32/32 MP: 2/11
  2231 | D:3      | Killed Sigmund
  2231 | D:3      | Reached skill level 4 in Spellcasting
  2413 | D:4      | Noticed Blork the orc
  2426 | D:4      | Killed Blork the orc
  2443 | D:4      | Noticed Eustachio
  2499 | D:4      | Killed Eustachio
  2499 | D:4      | Reached skill level 5 in Poison Magic
  2499 | D:4      | Reached XP level 7. HP: 41/46 MP: 5/14
  2544 | D:4      | HP: 2/46 [water moccasin (4)]
  2545 | D:4      | Slain by a water moccasin

Levels and vault maps discovered:
D:1:      kilobyte_arrival_exit_the_forest, layout_rooms
D:2:      wander_river, layout_rooms, minitemple, serial_bayou_pond_b,
          minmay_tiny_reverse_x, uniq_jessica
D:3:      layout_basic, zin_academy, first_ration, uniq_sigmund
D:4:      layout_basic, minmay_temple_entry_waves, serial_shops,
          nicolae_shop_overgrown_old_shop, uniq_eustachio, uniq_blork_the_orc

Skill      XL: |  1  2  3  4  5  6 |
---------------+-------------------+-----
Conjurations   | 1 2 |  2.0
Poison Magic   | 3 4 5 |  5.3
Air Magic      | 1 2 |  2.0
Spellcasting   | 3 4 |  4.9
Dodging        | |  2.1
Stealth        | |  3.0

Action                   |  1- 3 |  4- 6 |  7- 9 || total
-------------------------+-------+-------+-------++-------
Melee: Unarmed           |    31 |       |       ||    31
       Halberd           |    10 |    77 |    10 ||    97
       Bite              |     2 |     3 |       ||     5
 Cast: Sting             |    20 |       |       ||    20
       Poisonous Vapours |    23 |    23 |       ||    46
       Olgreb's Toxic Ra |       |     7 |       ||     7
 Abil: Exsanguinate      |     1 |     1 |       ||     2
       Revivify          |     1 |     1 |       ||     2
       End Transformatio |       |     1 |       ||     1
       Bat Form          |       |     1 |       ||     1
  Use: Potion            |       |     1 |       ||     1
 Stab: Sleeping          |     1 |     3 |       ||     4
Armor: Robe              |    26 |    38 |     3 ||    67
Dodge: Dodged            |    44 |    57 |     7 ||   108

Table legend:
 A = Non-vault XP
 B = Vault XP
 C = Vault XP percentage of total XP
 D = Non-vault monster count
 E = Vault monster count
 F = Vault count percentage of total count
                 A         B        C        D         E       F
            +---------+---------+-------+---------+---------+-------
      Total |     355 |     563 |  61.3 |      70 |      12 |  14.6
            +---------+---------+-------+---------+---------+-------
        D:1 |      68 |       3 |   4.2 |      26 |       2 |   7.1
        D:2 |      84 |      50 |  37.3 |      15 |       7 |  31.8
        D:3 |     202 |     223 |  52.5 |      28 |       1 |   3.4
        D:4 |       1 |     287 |  99.7 |       1 |       2 |  66.7
            +---------+---------+-------+---------+---------+-------
